 Dungeon Crawl Stone Soup version 0.19-a0-998-gfd37873 (webtiles) character file.

931 zxkuqyb the Chopper (level 8, 0/50 HPs)
             Began as a Gargoyle Berserker on July 17, 2016.
             Was a Priest of Trog.
             Slain by an ogre
             ... wielding a +0 giant spiked club
              (13 damage)
             ... on level 5 of the Dungeon.
             The game lasted 00:18:41 (4546 turns).

zxkuqyb the Chopper (Gargoyle Berserker)            Turns: 4546, Time: 00:18:41

Health: 0/50       AC: 19    Str: 26    XL:     8   Next: 11%
Magic:  8/8        EV:  8    Int:  8    God:    Trog [***...]
Gold:   272        SH:  0    Dex: 11    Spells: 0 memorised, 7 levels left

rFire  . . .     SeeInvis .     a - +0 hand axe
rCold  . . .     Gourm    .     k - +0 plate armour
rNeg   + . .     Faith    .     (no shield)
rPois  ∞         Spirit   .     x - +0 helmet
rElec  +         Dismiss  .     I - +0 cloak
rCorr  .         Reflect  .     (no gloves)
SustAt .         Harm     .     (no boots)
MR     .....                    (no amulet)
Stlth  ..........               (no ring)
                                d - +5 ring of strength

@: not resistant to hostile enchantments, extremely unstealthy
A: negative energy resistance 1, electricity resistance, unbreathing,
petrification resistance, rot immunity, AC +5
a: Berserk, Trog's Hand, Burn Spellbooks, Renounce Religion


You were on level 5 of the Dungeon.
You worshipped Trog.
Trog was most pleased with you.
You were hungry.

You visited 1 branch of the dungeon, and saw 5 of its levels.

You collected 272 gold pieces.

Inventory:

Hand Weapons
 a - a +0 hand axe (weapon)
 F - a +0 war axe
 H - a +0 flail of protection
 J - the +7 whip of Tonereut {slash, +Fly MR++ Str+3}
   (You found it on level 4 of the Dungeon)

   It inflicts extra damage upon your enemies.
   It affects your strength (+3).
   It affects your resistance to hostile enchantments.
   It lets you fly.
Missiles
 o - 4 javelins (quivered)
Armour
 k - a +0 plate armour (worn)
 x - a +0 helmet (worn)
 I - a +0 cloak (worn)
Jewellery
 b - an uncursed ring of flight
 d - a +5 ring of strength (left hand)
 j - an uncursed ring of fire
 s - an uncursed ring of poison resistance {unknown}
Scrolls
 h - 3 scrolls of remove curse {unknown}
 i - 3 scrolls of magic mapping {unknown}
 m - 3 scrolls of enchant armour {unknown}
 n - 6 scrolls of identify {unknown}
 r - 2 scrolls of random uselessness {unknown}
 y - a scroll of noise {unknown}
 z - a scroll of recharging {unknown}
 B - a scroll of teleportation {unknown}
 K - a scroll of blinking {unknown}
Potions
 e - 3 potions of curing
 g - 3 potions of heal wounds {unknown}
 l - a potion of might {unknown}
 t - a potion of brilliance {unknown}
 u - 2 potions of degeneration {unknown}
 v - 2 potions of ambrosia {unknown}
 w - a potion of resistance {unknown}
 A - a potion of cancellation {unknown}
 C - a potion of lignification {unknown}
 D - a potion of beneficial mutation {unknown}
 E - 2 potions of magic {unknown}
Comestibles
 c - 4 bread rations
 f - 3 beef jerkies
 p - 4 meat rations
 q - a royal jelly
 G - 2 fruits


   Skills:
 + Level 5.5 Fighting
 + Level 5.7 Axes
 + Level 4.9 Armour
 + Level 3.6 Dodging


You had 7 spell levels left.
You didn't know any spells.

Dungeon Overview and Level Annotations

Branches:
Dungeon (5/15)
 Temple: D:4-7

Altars:
Cheibriados
Gozag
Kikubaaqudgha
Pakellas
Qazlal
Ru
Sif Muna
Trog
Uskayaw
Vehumet
Yredelemnul
Zin

Annotations:
D:2 1 exclusion
D:3 2 exclusions
D:4 2 exclusions
D:5 1 exclusion


Innate Abilities, Weirdness & Mutations

You are resistant to torment.
Your stone body is resilient. (AC +5)
You are immune to poison.
You resist negative energy. (rN+)
You are resistant to electric shocks. (rElec)
You can survive without breathing.
You are immune to petrification.
You are immune to rotting.


Message History

The ogre hits you with a giant spiked club.
You barely miss the ogre.
The ogre is severely wounded.
Your plate armour prevents you from hitting the ogre.
The ogre is severely wounded.
The ogre hits you with a giant spiked club!
You hit the ogre.
The ogre is severely wounded.
The ogre hits you with a giant spiked club!
You hit the ogre.
The ogre is almost dead.
The ogre hits you with a giant spiked club.
* * * LOW HITPOINT WARNING * * *
You are feeling hungry.
You hit the ogre but do no damage.
The ogre is almost dead.
You barely miss the ogre.
The ogre is almost dead.
The ogre hits you with a giant spiked club!
You die...

##+## ##...##
######.....## .#
............######..##
#.........#@O......
+.........'.)......
#.........#.##...##
#........##.# ..#
.....#.....###.# ##
.######...## #.. ##'##
### #######.### #
#.........# #


You could see an ogre.

Vanquished Creatures
  Eustachio (D:4)
  Duvessa (D:4)
  A centaur (D:5)
  Dowan (D:4)
  A hound (D:4)
  4 orc priests (D:4)
  An iguana (D:4)
  2 orc wizards (D:4)
  4 worker ants
  Terence (D:2)
  Robin (D:3)
  8 gnolls
  5 adders
  An ooze (D:2)
  2 giant geckos (D:1)
  15 orcs
  5 bats
  4 giant cockroaches
  11 goblins
  8 hobgoblins
  4 jackals (D:3)
  4 kobolds
  A quokka (D:2)
  5 giant newts
  A quokka skeleton (D:4)
  5 rats
97 creatures vanquished.

Vanquished Creatures (others)
  A bush (D:5)
1 creature vanquished.

Grand Total: 98 creatures vanquished

Notes
Turn   | Place    | Note
-------+----------+-------------------------------------------
     0 | D:1      | zxkuqyb the Gargoyle Berserker began the quest for the Orb.
     0 | D:1      | Reached XP level 1. HP: 14/14 MP: 1/1
   139 | D:1      | Reached XP level 2. HP: 10/19 MP: 2/2
  1073 | D:2      | Reached XP level 3. HP: 23/23 MP: 3/3
  1080 | D:2      | Found a hide-covered altar of Uskayaw.
  1086 | D:2      | Found a snail-covered altar of Cheibriados.
  1146 | D:2      | Noticed Terence
  1151 | D:2      | Killed Terence
  1227 | D:2      | Reached ** piety under Trog
  1259 | D:2      | Reached XP level 4. HP: 29/29 MP: 4/4
  1412 | D:2      | Found a stormy altar of Qazlal.
  1597 | D:2      | Found an opulent altar of Gozag.
  1605 | D:2      | Reached XP level 5. HP: 33/33 MP: 5/5
  1977 | D:3      | Noticed Robin
  1984 | D:3      | Killed Robin
  2539 | D:3      | Found a radiant altar of Vehumet.
  2542 | D:3      | Identified Vehumet's Tome of Confrontation
  2548 | D:3      | Found an ancient bone altar of Kikubaaqudgha.
  2549 | D:3      | Found a deep blue altar of Sif Muna.
  2613 | D:4      | Reached XP level 6. HP: 24/38 MP: 6/6
  2619 | D:4      | Reached *** piety under Trog
  2852 | D:4      | Found a sacrificial altar of Ru.
  2903 | D:4      | Found a basalt altar of Yredelemnul.
  2958 | D:4      | Reached XP level 7. HP: 29/44 MP: 7/7
  2980 | D:4      | Found a glowing silver altar of Zin.
  3092 | D:4      | HP: 2/66 [gnoll/flail of protection (4)]
  3419 | D:4      | Noticed Duvessa
  3419 | D:4      | Noticed Dowan
  3447 | D:4      | Killed Dowan
  3447 | D:4      | Reached skill level 5 in Axes
  3449 | D:4      | Killed Duvessa
  3449 | D:4      | Reached skill level 5 in Fighting
  3630 | D:4      | Found an oddly glowing altar of Pakellas.
  3792 | D:4      | Noticed Eustachio
  3846 | D:4      | Killed Eustachio
  3866 | D:4      | Found a bloodstained altar of Trog.
  3906 | D:4      | Got a translucent whip
  3907 | D:4      | Identified the +7 whip of Tonereut {slash, +Fly MR++ Str+3} (You found it on level 4 of the Dungeon)
  4033 | D:4      | Reached XP level 8. HP: 50/50 MP: 8/8
  4061 | D:5      | Entered Level 5 of the Dungeon
  4546 | D:5      | Slain by an ogre

Vault maps used:
D:1:      dpeg_arrival_leaves_temple_mockup, minmay_octomino_c4
D:2:      nicolae_gozag_cash_rules_everything_around_me,
          grunt_temple_overflow_open, nicolae_qazlal_eye_of_the_storm,
          first_bread, uniq_terence
D:3:      grunt_temple_overflow_magic_moments, uniq_robin
D:4:      nicolae_overflow_crystal_walls, marbit_many_paths, zin_statuary,
          nicolae_ru_sacrificial_ziggurat, bloody_trog, uniq_duvessa,
          uniq_eustachio
D:5:      serial_shops, shop, kb_lookout_dungeons_type

Skill      XL: |  1  2  3  4  5  6  7 |
---------------+----------------------+-----
Axes           | 3 4 5 |  5.7
Dodging        | 2 3 |  3.6
Fighting       | 4 5 |  5.5
Armour         | 3 4 |  4.9

Action                   |  1- 3 |  4- 6 |  7- 9 || total
-------------------------+-------+-------+-------++-------
Melee: Hand axe          |   100 |   187 |   205 ||   492
Throw: Javelin           |       |       |     1 ||     1
Invok: Trog's Hand       |       |     2 |     1 ||     3
       Burn Spellbooks   |       |     1 |       ||     1
       Berserk           |       |       |     1 ||     1
  Eat: Chunk             |     1 |     6 |     7 ||    14
Armor: Animal skin       |    30 |       |       ||    30
       Scale mail        |    11 |       |       ||    11
       Plate armour      |    12 |   173 |   182 ||   367
Dodge: Dodged            |    80 |    74 |   108 ||   262
